 Dungeon Crawl Stone Soup version 0.24.0-13-gcf9b3192b9 (webtiles) character file.

Game seed: 6909778328816268295, levelgen mode: deterministic

9 Iscandelvey the Vexing (level 2, 3/21 HPs)
             Began as a Demonspawn Arcane Marksman on Nov 6, 2019.
             Quit the game on level 1 of the Dungeon.
             The game lasted 00:00:48 (83 turns).

Iscandelvey the Vexing (Demonspawn Arcane Marksman)   Turns: 83, Time: 00:00:49

Health: 3/21       AC:  3    Str: 10    XL:     2   Next: 6%
Magic:  3/3        EV: 12    Int: 14    God:
Gold:   0          SH:  0    Dex: 13    Spells: 2/3 levels left

rFire    . . .     SeeInvis .   a - +0 hunting sling
rCold    . . .     Gourm    .   (no shield)
rNeg     . . .     Faith    .   e - +0 robe
rPois    .         Spirit   .   (no helmet)
rElec    .         Reflect  .   (no cloak)
rCorr    .         Harm     .   (no gloves)
MR       .....                  (no boots)
Stlth    +.........             (no amulet)
HPRegen  0.07/turn              (no ring)
MPRegen  0.08/turn              (no ring)

@: no status effects
A: rugged brown scales 1
a: no special abilities


You were on level 1 of the Dungeon.
You were not hungry.

You visited 1 branch of the dungeon, and saw 1 of its levels.

Inventory:

Hand Weapons
 a - a +0 hunting sling (weapon)
Missiles
 d - 7 sling bullets (quivered)
Armour
 e - a +0 robe (worn)
Comestibles
 f - a ration


   Skills:
 + Level 1.0 Fighting
 + Level 1.9 Slings
 + Level 2.3 Dodging
 + Level 1.0 Spellcasting
 + Level 3.1 Hexes


You had 2 spell levels left.
You knew the following spells:

 Your Spells              Type           Power        Failure   Level  Hunger
a - Corona                Hex            #......      8%          1    ##.....

Your spell library contained the following spells:

 Spells                   Type           Power        Failure   Level  Hunger
 Slow                     Hex            #.......     11%         2    ###....
 Inner Flame              Hex/Fire       #.......     38%         3    ####...
 Portal Projectile        Hex/Tloc       #.....       38%         3    ####...
 Cause Fear               Hex            #.........   58%         4    #####..
 Leda's Liquefaction      Hex/Erth       #.........   80%         4    #####..


Dungeon Overview and Level Annotations

Branches:
Dungeon (1/15)

Altars:


Innate Abilities, Weirdness & Mutations

You are partially covered in rugged brown scales. (AC +1, +3% HP)


Message History

Your demonic ancestry asserts itself...
Rugged brown scales grow over part of your body.
Firing (i - inventory)
d - 10 sling bullets (quivered)
Press: ? - help, Shift-Dir - straight line, f - rat
Aim: a rat You shoot a sling bullet.
The sling bullet closely misses the rat.
The rat misses you.
Firing (i - inventory)
d - 9 sling bullets (quivered)
Press: ? - help, Shift-Dir - straight line, f/p - rat
Aim: a rat You shoot a sling bullet.
The sling bullet hits the rat.
The rat is severely wounded.
The rat closely misses you.
Firing (i - inventory)
d - 8 sling bullets (quivered)
Press: ? - help, Shift-Dir - straight line, f/p - rat
Aim: a rat (severely wounded)
You shoot a sling bullet. The sling bullet hits the rat.
You kill the rat!
Are you sure you want to abandon this character and quit the game? (Confirm with "yes".)

#.(.... #..... #.....
##..r. #....# #...(#
#...(###################
#(..((@)..?............
#############..........
#..#######. ##.#...†.#.
#.#.≈≈≈.#. #.#.≈≈≈†#'
#.#.≈X≈.#' #.#.≈≈≈.#†
#.#.≈≈≈.#.


There were no monsters in sight!

Vanquished Creatures
  An ooze (D:1)
  A leopard gecko (D:1)
  A kobold (D:1)
  2 rats (D:1)
5 creatures vanquished.

Vanquished Creatures (others)
  A minotaur (D:1)
  A draconian (D:1)
  An octopode (D:1)
  A gargoyle (D:1)
  A vine stalker (D:1)
  An elf (D:1)
  A troll (D:1)
  A vampire (D:1)
  A human (D:1)
  An ogre (D:1)
  A centaur (D:1)
  A mummy (D:1)
  An orc (D:1)
  2 kobolds (D:1)
  5 tentacles (D:1)
20 creatures vanquished.

Grand Total: 25 creatures vanquished

Notes
Turn   | Place    | Note
-------+----------+-------------------------------------------
     0 | D:1      | Iscandelvey the Demonspawn Arcane Marksman began the quest
                  | for the Orb.
     0 | D:1      | Reached XP level 1. HP: 15/15 MP: 2/2
     2 | D:1      | Noticed a gargoyle
     2 | D:1      | Noticed an ogre
     2 | D:1      | Noticed a draconian
     2 | D:1      | Noticed a vine stalker
     2 | D:1      | Noticed an octopode
     2 | D:1      | Noticed a kraken
     2 | D:1      | Noticed a centaur
     2 | D:1      | Noticed a minotaur
     2 | D:1      | Noticed an elf
     2 | D:1      | Noticed a vampire
     2 | D:1      | Noticed a troll
     2 | D:1      | Noticed a human
     3 | D:1      | Killed a vine stalker
     6 | D:1      | Killed an ogre
     6 | D:1      | Killed a gargoyle
     7 | D:1      | Killed a draconian
     9 | D:1      | Killed a centaur
    10 | D:1      | Killed an elf
    12 | D:1      | Killed an octopode
    12 | D:1      | Killed a vampire
    14 | D:1      | Killed a troll
    14 | D:1      | Killed a minotaur
    16 | D:1      | Killed a human
    79 | D:1      | Gained mutation: You are partially covered in rugged brown
                  | scales. (AC +1, +3% HP) [demonic ancestry]
    79 | D:1      | Reached XP level 2. HP: 3/21 MP: 3/3
    83 | D:1      | Quit the game

Levels and vault maps discovered:
D:1:      nicolae_arrival_kraken_aquarium_b, layout_basic

Skill      XL: |  1 |
---------------+----+-----
Dodging        | 2 |  2.3
Fighting       | |  1.0
Slings         | |  1.9
Spellcasting   | |  1.0
Hexes          | |  3.1

Action                   || total
-------------------------++-------
 Fire: Hunting sling     ||    20
Armor: Robe              ||     1
Dodge: Dodged            ||     5
